AoeStats
← matgodoy10

Arabian Desert

509485068Analyzed
1v1 RM · 6d ago on Sep 26, 2026· 46m 19s· 2 players
Game mode
Random Map
Map size
Tiny (2 player)
Population
200
Speed
Normal
Resources
Standard
Victory
Conquest
Starting age
Dark Age
Ending age
Imperial Age
RankedLock teamsTeams togetherTeam positionsShared explorationLock speedFull tech treeHidden civsTurbo modeCheats
Victory
Defeat
🇨🇱 Maya · Chile
993
+17
🇨🇭 Varangians · Switzerland
1021
-17
matgodoy10
0:26 Loom
10:36 Feudal Age
15:46 Castle Age
14:12 Double-Bit Axe
14:40 Horse Collar
16:49 Bow Saw
16:46 Heavy Plow
17:35 Town Watch
22:25 Squires
25:48 Pikeman
29:31 Forging
29:33 Eagle Warrior
31:40 Fletching
32:10 Arson
32:47 Scale Mail Armor
34:50 Chain Mail Armor
35:11 Iron Casting
41:28 Imperial Age
40:07 Iron Casting
39:38 Stone Mining
39:47 Gold Mining
40:41 Bodkin Arrow
41:11 Padded Archer Armor
42:49 Holcans
42:40 Conscription
42:56 Holcans
42:31 Elite Eagle Warrior
44:55 Plate Mail Armor
45:25 Blast Furnace
RasantrasendesNilpferd
7:09 Loom
10:13 Feudal Age
10:23 Man-at-Arms
20:14 Castle Age
19:27 Horse Collar
24:20 Scale Barding Armor
29:44 Double-Bit Axe
30:55 Gold Mining
31:32 Fletching
33:04 Bodkin Arrow
34:37 Bow Saw
36:59 Ballistics
39:40 Imperial Age
39:03 Padded Archer Armor
39:52 Town Watch
41:33 Elite Skirmisher
46:36 Bracer
Connection lost

Rejoining the realm…

Still unreachable

The connection could not be restored.

Session expired

The server has moved on; the page needs a fresh start.